 Dungeon Crawl Stone Soup version 0.31-a0-435-g2c6fae2916 (webtiles) character file.

Game seed: 11310410633775287556

13502 Bnni the Carver (level 11, -3/105 HPs)
             Began as a Minotaur Fighter on Aug 1, 2023.
             Was a Believer of the Shining One.
             Slain by a skeletal warrior
             ... wielding a +0 dire flail
              (11 damage)
             ... on level 11 of the Dungeon.
             The game lasted 00:14:15 (8301 turns).

Bnni the Carver (Minotaur Fighter)                  Turns: 8301, Time: 00:14:15

Health: -3/105     AC: 12    Str: 20    XL:     11   Next: 76%
Magic:  14/14      EV: 14    Int:  5    God:    the Shining One [**....]
Gold:   833        SH:  0    Dex: 15    Spells: 10/10 levels left

rFire   . . .        F - +0 scimitar
rCold   . . .        c - +0 buckler
rNeg    + . .        L - +2 ring mail {Will+}
rPois   +            (helmet restricted)
rElec   .            l - +0 cloak
rCorr   +            q - +0 pair of gloves
SInv    .            p - +0 pair of boots
Will    +....        u - amulet of the acrobat Stlth
                     I - ring of resist corrosion
HPRegen 0.37/turn    S - ring of poison resistance
MPRegen 0.14/turn

%: acrobat
@: confused, mighty, ambrosia-drunk, glowing
A: horns 2, retaliatory headbutt
a: Renounce Religion, Divine Shield


You were on level 11 of the Dungeon.
You worshipped the Shining One.
The Shining One was pleased with you.
You visited 2 branches of the dungeon, and saw 12 of its levels.

You collected 833 gold pieces.

Inventory:

Hand Weapons
 F - a +0 scimitar (weapon)
Missiles
 C - 4 poisoned darts
Armour
 c - a +0 buckler (worn)
 l - a +0 cloak (worn)
 p - a +0 pair of boots (worn)
 q - a +0 pair of gloves (worn)
 t - a scarf of resistance
 L - a +2 ring mail of willpower (worn)
Jewellery
 b - a +6 ring of dexterity
 r - a ring of flight
 u - an amulet of the acrobat (around neck)
 I - a ring of resist corrosion (left hand)
 K - a ring of fire
 S - a ring of poison resistance (right hand)
Wands
 v - a wand of paralysis (15)
 z - a wand of roots (37)
 H - a wand of flame (16)
 O - a wand of polymorph (6)
Scrolls
 a - a scroll of fear {unknown}
 e - 3 scrolls of immolation {unknown}
 f - a scroll of blinking {unknown}
 i - 3 scrolls of vulnerability {unknown}
 j - 2 scrolls of noise {unknown}
 k - 2 scrolls of revelation {unknown}
 n - 4 scrolls of poison {unknown}
 y - 3 scrolls of amnesia {unknown}
 A - 7 scrolls of teleportation {unknown}
 B - a scroll of silence {unknown}
 E - a scroll of brand weapon {unknown}
 Q - a scroll of summoning {unknown}
 R - a scroll of fog {unknown}
Potions
 d - 4 potions of might
 g - a potion of heal wounds
 h - a potion of enlightenment {unknown}
 m - 2 potions of ambrosia
 o - a potion of attraction {unknown}
 s - 4 potions of curing
 w - a potion of brilliance {unknown}
 x - a potion of haste {unknown}
 D - 2 potions of invisibility {unknown}
 G - a potion of cancellation {unknown}
 J - a potion of resistance {unknown}
 N - a potion of berserk rage {unknown}
Miscellaneous
 M - a condenser vane
 P - a box of beasts


   Skills:
 + Level 12.3 Fighting
 - Level 14.0 Long Blades
 + Level 7.8 Armour
 * Level 7.5 Dodging
 - Level 5.0 Shields
 + Level 6.6 Invocations


You had 10 spell levels left.
You didn't know any spells.
Your spell library contained the following spells:

 Spells                   Type           Power      Damage    Failure   Level
 Apportation              Tloc           0%         N/A       71%         1
 Sublimation of Blood     Necr           0%         N/A       83%         2
 Wereblood                Tmut           0%         N/A       83%         2
 Volatile Blastmotes      Fire/Tloc      0%         2d10      97%         3
 Fulminant Prism          Conj/Hex       0%         3d5       100%        4
 Iskenderun's Mystic Bla  Conj/Tloc      0%         2d3       100%        4
 Alistair's Intoxication  Tmut/Pois      0%         N/A       100%        5
 Borgnjor's Vile Clutch   Necr/Erth      0%         N/A       100%        5
 Conjure Ball Lightning   Conj/Air       0%         3x3d6     100%        6
 Eringya's Noxious Bog    Tmut/Pois      0%         4d6       100%        6
 Summon Hydra             Summ           0%         N/A       100%        7
 Discord                  Hex            0%         N/A       100%        8
 Disjunction              Tloc           0%         N/A       100%        8


Dungeon Overview and Level Annotations

Branches:
Dungeon (11/15)            Temple (1/1) D:7            Lair (0/5) D:8
    Orc (0/2) D:10

Altars:
Ashenzari
Cheibriados
Dithmenos
Elyvilon
Fedhas
Gozag
Hepliaklqana
Kikubaaqudgha
Makhleb
Nemelex Xobeh
Okawaru
Qazlal
Ru
Sif Muna
Trog
Uskayaw
Vehumet
Wu Jian
Xom
Yredelemnul
Zin
The Shining One

Shops:
D:11 :


Innate Abilities, Weirdness & Mutations

You have a pair of horns on your head.
You reflexively headbutt those who attack you in melee.


Message History

The skeletal warrior is almost destroyed.
The skeletal warrior closely misses you.
You hit the skeletal warrior.
The skeletal warrior is almost destroyed.
You hit the skeletal warrior.
The skeletal warrior is almost destroyed.
You block the skeletal warrior's attack.
The skeletal warrior closely misses you.
You hit the skeletal warrior.
You destroy the skeletal warrior!
The Shining One accepts your kill.
The skeletal warrior hits you but does no damage.
You barely miss the skeletal warrior. You headbutt the skeletal warrior.
The skeletal warrior is lightly damaged.
The skeletal warrior hits you but does no damage.
You hit the skeletal warrior.
The skeletal warrior is lightly damaged.
You hit the skeletal warrior but do no damage.
You headbutt the skeletal warrior, but do no damage.
The skeletal warrior is lightly damaged.
You block the skeletal warrior's attack.
You hit the skeletal warrior.
The skeletal warrior is lightly damaged.
The skeletal warrior closely misses you.
You hit the skeletal warrior. You headbutt the skeletal warrior!!
The skeletal warrior is heavily damaged.
You hit the skeletal warrior but do no damage.
The skeletal warrior is heavily damaged.
The skeletal warrior hits you with a +0 dire flail!
* * * LOW HITPOINT WARNING * * *
You slash the skeletal warrior!
You headbutt the skeletal warrior, but do no damage.
The skeletal warrior is almost destroyed.
Your divine shield fades away.
The skeletal warrior hits you with a +0 dire flail!!
* * * LOW HITPOINT WARNING * * *
You are confused.
You feel invigorated.
The skeletal warrior hits you with a +0 dire flail!
You die...

##############
#.......##...###
#.###....z)#...#
#.##.###.#.##@..#.#
.z....)..#.#).....#
...........#)###..#
...#########)# #..#
#.# #.###..# #.#
#......# #.#
##..##.# ##'##
#.....# ##...##
##.####


You could see a skeletal warrior.

Vanquished Creatures
  Erolcha (D:10)
  2 two-headed ogres
  4 skeletal warriors (D:11)
  Pikel (D:8)
  A cyclops (D:11)
  Maurice (D:8)
  A gargoyle (D:11)
  A troll (D:9)
  Grinder (D:3)
  3 hornets
  A shadow (D:10)
  A wraith (D:10)
  A basilisk (D:9)
  6 yaks (D:10)
  Grum (D:8)
  A steam dragon (D:9)
  An acid dragon (D:10)
  3 water moccasins
  A swamp drake (D:10)
  6 orc warriors
  3 black bears
  5 centaurs
  An ogre (D:6)
  4 wolves (D:8)
  A phantom (D:6)
  2 lemures (D:8)
  5 bullfrogs
  Blork the orc (D:6)
  A gnoll sergeant (D:8)
  2 scorpions
  17 wights
  25 killer bees
  A howler monkey (D:9)
  A crimson imp (D:6)
  4 hounds
  An orc priest (D:10)
  A gnoll bouda (D:9)
  3 iguanas
  13 orc wizards
  6 adders
  4 gnolls (D:8)
  2 shadow imps
  A white imp (D:6)
  A worm (D:3)
  2 dart slugs
  38 orcs
  3 ball pythons
  8 endoplasms
  6 giant cockroaches
  5 goblins
  3 hobgoblins
  4 jackals (D:2)
  6 quokkas
  6 bats
  3 frilled lizards
  4 kobolds
  4 rats
235 creatures vanquished.

Notes
Turn   | Place    | Note
-------+----------+-------------------------------------------
     0 | D:1      | Bnni the Minotaur Fighter began the quest for the Orb.
     0 | D:1      | Reached XP level 1. HP: 19/19 MP: 0/0
    38 | D:1      | You fall into a shaft and drop 1 floor!
   218 | D:1      | Found a faded altar of an unknown god.
   499 | D:1      | Reached XP level 2. HP: 27/27 MP: 1/1
   503 | D:1      | Reached skill level 3 in Long Blades
   968 | D:2      | Reached XP level 3. HP: 30/33 MP: 2/2
  1197 | D:2      | Reached skill level 4 in Long Blades
  1427 | D:2      | Reached XP level 4. HP: 40/40 MP: 3/3
  1702 | D:3      | Noticed Grinder
  1703 | D:3      | Paralysed by Grinder for 2 turns
  1721 | D:3      | Paralysed by Grinder for 5 turns
  1731 | D:3      | Killed Grinder
  1732 | D:3      | Reached skill level 5 in Fighting
  1732 | D:3      | Reached skill level 5 in Long Blades
  1732 | D:3      | Reached skill level 5 in Shields
  1732 | D:3      | Reached XP level 5. HP: 24/48 MP: 4/4
  1732 | D:3      | Reached XP level 6. HP: 28/56 MP: 5/5
  2031 | D:4      | Reached skill level 6 in Long Blades
  2484 | D:5      | Entered Level 5 of the Dungeon
  2563 | D:5      | Reached skill level 7 in Long Blades
  2563 | D:5      | Reached XP level 7. HP: 53/63 MP: 6/6
  2859 | D:5      | Found an ancient bone altar of Kikubaaqudgha.
  3180 | D:6      | Noticed Blork the orc
  3187 | D:6      | Killed Blork the orc
  3188 | D:6      | Reached skill level 8 in Long Blades
  3326 | D:6      | Reached skill level 9 in Long Blades
  3326 | D:6      | Reached XP level 8. HP: 62/73 MP: 7/7
  3582 | D:6      | Found a burning altar of Makhleb.
  3583 | D:6      | Found a radiant altar of Vehumet.
  3732 | D:7      | Reached skill level 10 in Long Blades
  3915 | D:7      | Noticed a hornet
  3919 | D:7      | Paralysed by a hornet for 2 turns
  3924 | D:7      | Killed a hornet
  4138 | D:7      | Reached skill level 11 in Long Blades
  4153 | D:7      | Reached XP level 9. HP: 50/82 MP: 8/8
  4477 | D:7      | Reached skill level 12 in Long Blades
  4512 | D:7      | Found a staircase to the Ecumenical Temple.
  4523 | Temple   | Entered the Ecumenical Temple
  4544 | Temple   | Became a worshipper of the Shining One
  4663 | D:8      | Noticed Grum
  4671 | D:8      | Killed Grum
  4672 | D:8      | Reached skill level 1 in Invocations
  4933 | D:8      | Noticed Maurice
  4955 | D:8      | Killed Maurice
  4956 | D:8      | Reached skill level 10 in Fighting
  4956 | D:8      | Reached skill level 13 in Long Blades
  5028 | D:8      | Reached * piety under the Shining One
  5112 | D:8      | Reached XP level 10. HP: 83/92 MP: 11/11
  5156 | D:8      | Paralysed by a hornet for 1 turns
  5160 | D:8      | Paralysed by a hornet for 1 turns
  5352 | D:8      | Found a staircase to the Lair.
  5436 | D:8      | Reached skill level 1 in Dodging
  5598 | D:8      | Noticed Pikel
  5609 | D:8      | Killed Pikel
  5876 | D:9      | Noticed a two-headed ogre
  5879 | D:9      | Reached skill level 14 in Long Blades
  5889 | D:9      | Killed a two-headed ogre
  5890 | D:9      | Reached skill level 5 in Armour
  6333 | D:9      | Reached skill level 5 in Invocations
  6356 | D:9      | Found a broken altar of Ashenzari.
  6356 | D:9      | Found a stormy altar of Qazlal.
  6358 | D:9      | Found an ornate altar of the Wu Jian Council.
  6360 | D:9      | Found a glowing silver altar of Zin.
  6361 | D:9      | Found a snail-covered altar of Cheibriados.
  6709 | D:10     | Entered Level 10 of the Dungeon
  7004 | D:10     | Reached XP level 11. HP: 99/102 MP: 13/13
  7004 | D:10     | Noticed Erolcha
  7015 | D:10     | Killed Erolcha
  7023 | D:10     | Reached ** piety under the Shining One
  7254 | D:10     | Reached skill level 5 in Dodging
  7708 | D:10     | Found a staircase to the Orcish Mines.
  7958 | D:11     | Noticed a two-headed ogre
  7965 | D:11     | Killed a two-headed ogre
  7999 | D:11     | Found Vimpuor's Book Boutique.
  8229 | D:11     | Noticed a skeletal warrior
  8248 | D:11     | Noticed a skeletal warrior
  8259 | D:11     | Killed a skeletal warrior
  8260 | D:11     | Noticed a skeletal warrior
  8269 | D:11     | Killed a skeletal warrior
  8279 | D:11     | Killed a skeletal warrior
  8282 | D:11     | Noticed a skeletal warrior
  8284 | D:11     | Noticed a skeletal warrior
  8293 | D:11     | Killed a skeletal warrior
  8300 | D:11     | HP: 5/105 [skeletal warrior/+0 dire flail (18)]
  8301 | D:11     | Slain by a skeletal warrior

Illustrated notes

Levels and vault maps discovered:
D:1:      onia_arrival_mini_maze_b, layout_loops_ring,
          shapermc_ecumenical_altar_starsandcircs
D:2:      layout_basic, minmay_strange_pillars, minmay_cupped
D:3:      layout_rooms, eino_curves_02, uniq_grinder
D:4:      layout_cave_pools
D:5:      layout_gridville, mainiacjoe_overflow_alcove_4, serial_glass,
          glass_columns_c, glass_columns_a
D:6:      layout_basic, grunt_temple_overflow_lords_of_destruction,
          uniq_blork_the_orc
D:7:      layout_gridville, temple_hall
D:8:      layout_rooms, dpeg_oklobed_lair, uniq_pikel, uniq_grum, uniq_maurice
D:9:      hangedman_cross_stitches, layout_irregular_city,
          grunt_temple_overflow_open
D:10:     layout_basic, erik_orc_1, roderic_lattice_a, uniq_erolcha
D:11:     layout_loops_corners, serial_shops, shop, uniq_sonja
Temple:   dpeg_chambers_temple

Skill      XL: |  1  2  3  4  5  6  7  8  9 10 11 |
---------------+----------------------------------+-----
Long Blades    | 3 4 5 7 9 11 13 14 | 14.0
Fighting       | 4 5 6 7 8 10 11 12 | 12.3
Shields        | 4 5 |  5.0
Invocations    | 3 5 6 |  6.6
Dodging        | 4 7 |  7.5
Armour         | 6 7 |  7.8

Action                     |  1- 3 |  4- 6 |  7- 9 | 10-12 || total
---------------------------+-------+-------+-------+-------++-------
  Melee: Long sword        |   106 |    64 |    36 |       ||   206
         Headbutt          |    10 |    14 |    45 |    90 ||   159
         Scimitar          |       |       |   201 |   318 ||   519
  Throw: Dart              |       |       |       |     4 ||     4
 Invoke: Divine Shield     |       |       |       |     2 ||     2
  Evoke: Wand              |       |       |     2 |     1 ||     3
    Use: Scroll            |       |       |       |     5 ||     5
         Potion            |       |       |       |     3 ||     3
   Stab: Paralysed         |       |       |     1 |       ||     1
 Armour: Scale mail        |    10 |       |       |       ||    10
         Chain mail        |    77 |    29 |    75 |       ||   181
         Ring mail         |       |       |    28 |    77 ||   105
  Dodge: Dodged            |    45 |    24 |   123 |   146 ||   338
  Block: Buckler           |    33 |    18 |    89 |    99 ||   239

Table legend: (Time is in decaauts)
 A = Elapsed time spent in this place.
 B = Non-inter-level travel time spent in this place.
 C = Inter-level travel time spent in this place.
 D = Time resting spent in this place.
 E = Time spent auto-exploring this place.
 F = Levels seen in this place.
 G = Mean time per level.
                   A        B        C        D        E       F      G
               +--------+--------+--------+--------+--------+-----+--------+
         Total |   8230 |   8049 |    181 |    207 |   6317 |  12 |  685.8 |
       Dungeon |   8187 |   8026 |    161 |    207 |   6317 |  11 |  744.3 |
        Temple |     42 |     22 |     20 |      0 |      0 |   1 |   42.0 |
               +--------+--------+--------+--------+--------+-----+--------+

Top non-repeatable levels by time:
    D:10: 1173 daAuts
     D:8: 1113 daAuts
     D:9: 911 daAuts
     D:7: 907 daAuts
     D:2: 833 daAuts
     D:1: 736 daAuts
     D:5: 645 daAuts
     D:6: 550 daAuts
     D:4: 524 daAuts
     D:3: 426 daAuts
    D:11: 365 daAuts
  Temple: 42 daAuts
